 Dungeon Crawl Stone Soup version 0.31-a0-303-gdc8c9485ea (webtiles) character file.

Game seed: 2870016505531730216

4774 howech the Cleaver (level 10, 0/65 (90) HPs)
             Began as a Minotaur Berserker on July 16, 2023.
             Was a Priest of Trog.
             Slain by Maurice
             ... wielding a +5 dagger of draining
              (4 damage)
             ... on level 8 of the Dungeon.
             The game lasted 00:25:28 (8673 turns).

howech the Cleaver (Minotaur Berserker)             Turns: 8673, Time: 00:25:28

HP:   0/65 (90)     AC: 11    Str: 23    XL:     10   Next: 23%
MP:   9/9           EV:  9    Int:  6    God:    Trog [***...]
Gold: 0             SH: 10    Dex: 11    Spells: 9/9 levels left

rFire   . . .        a - +0 hand axe
rCold   . . .        v - +0 kite shield
rNeg    . . .        k - +0 chain mail
rPois   .            (helmet restricted)
rElec   .            m - +0 cloak
rCorr   .            (no gloves)
SInv    +            (no boots)
Will    ++...        (no amulet) Stlth
                     D - ring of see invisible
HPRegen 1.30/turn    (no ring)
MPRegen 0.11/turn

%: no passive effects
@: mighty, strong-willed, on berserk cooldown, regenerating, slowed, very
heavily drained, invisible, very slow
A: horns 2, retaliatory headbutt
a: Renounce Religion, Berserk, Trog's Hand


You were on level 8 of the Dungeon.
You worshipped Trog.
Trog was most pleased with you.
You visited 1 branch of the dungeon, and saw 8 of its levels.

Inventory:

Hand Weapons
 a - a +0 hand axe (weapon)
Missiles
 l - 5 poisoned darts
 q - 2 throwing nets
 t - 6 curare-tipped darts
 B - 2 silver boomerangs (quivered)
Armour
 k - a +0 chain mail (worn)
 m - a +0 cloak (worn)
 v - a +0 kite shield (worn)
 F - +0 steam dragon scales
Jewellery
 o - a +6 ring of intelligence
 D - a ring of see invisible (left hand)
Wands
 r - a wand of flame (53)
Scrolls
 c - 3 scrolls of fog {unknown}
 d - 13 scrolls of identify {unknown}
 e - a scroll of acquirement {unknown}
 f - 2 scrolls of enchant weapon {unknown}
 i - 3 scrolls of teleportation {unknown}
 j - 3 scrolls of noise {unknown}
 p - a scroll of revelation {unknown}
 y - a scroll of silence {unknown}
 A - a scroll of vulnerability {unknown}
 E - a scroll of blinking {unknown}
Potions
 b - a potion of invisibility
 g - a potion of enlightenment {unknown}
 h - a potion of might
 n - 2 potions of curing {unknown}
 s - a potion of degeneration {unknown}
 u - a potion of lignification {unknown}
 w - a potion of mutation {unknown}
 z - 2 potions of heal wounds {unknown}
 C - a potion of brilliance {unknown}


   Skills:
 + Level 8.9 Fighting
 + Level 9.3 Axes
 - Level 5.0 Throwing
 - Level 5.0 Armour
 - Level 5.0 Dodging
 + Level 7.7 Shields
 - Level 5.0 Evocations


You had 9 spell levels left.
You didn't know any spells.
Your spell library was empty.

Dungeon Overview and Level Annotations

Branches:
Dungeon (8/15)             Temple (0/1) D:5
   Lair: D:8-11

Altars:
Elyvilon
Fedhas
Hepliaklqana
Kikubaaqudgha
Qazlal
Ru
Trog
Uskayaw
Zin
The Shining One

Shops:
D:3 (

Annotations:
D:8 Maurice


Innate Abilities, Weirdness & Mutations

You have a pair of horns on your head.
You reflexively headbutt those who attack you in melee.


Message History

* * * LOW HITPOINT WARNING * * *
Unknown command.
You feel sick.
Maurice says, "Lost something?"
Maurice hits you with a +5 dagger of draining!
* * * LOW HITPOINT WARNING * * *
Maurice groans, "What are you, a monk?"
You feel drained.
* * * LOW HITPOINT WARNING * * *
You see here a +0 dagger.
It was a potion of invisibility.
You fade into invisibility!
You feel less confused.
You feel sick.
Maurice zaps a wand.
You easily resist.
Maurice zaps a wand.
You easily resist.
Okay, then.
Unknown command.
Your skin crawls.
You feel strong-willed.
You feel sick.
You are no longer poisoned.
Maurice closely misses you.
Unknown command.
You hit Maurice. Your headbutt misses Maurice.
Maurice is severely wounded.
You block Maurice's attack.
Maurice zaps a wand.
You resist with almost no effort.
Unknown command.
You hit Maurice.
Maurice is severely wounded.
Maurice hits you with a +5 dagger of draining!
* * * LOW HITPOINT WARNING * * *
Maurice groans, "What are you, a monk?"
You feel drained.
* * * LOW HITPOINT WARNING * * *
Unknown command.
It was a potion of might.
You feel very mighty all of a sudden. Maurice misses you.
Maurice hits you with a +5 dagger of draining.
You die...

........## #.....####
#..# ##....## #..##
#.....# ##..# ##.....#
#..## ##...#..#
##...###...)...#
###..............#
.##.....)...........#
.......@)####........#
.......@.## ###..##...
........## #...##..
#........ .........
#........ .........
....... ##.....
....... ##... .......
##.... ####... ##.....


You could see Maurice (swift, invisible, unable to see you).

Vanquished Creatures
  An ugly thing (D:8)
  A troll (D:6)
  Sigmund (D:6)
  A wyvern (D:7)
  3 yaks (D:8)
  A steam dragon (D:8)
  Duvessa (D:4)
  An ice beast (D:7)
  2 sky beasts
  2 black bears
  2 ogres
  A centaur (D:6)
  A phantom (D:4)
  Blork the orc (D:4)
  3 bullfrogs
  A kobold brigand (D:8)
  A gnoll sergeant (D:8)
  6 scorpions
  5 wights (D:6)
  Dowan (D:4)
  7 killer bees
  A crimson imp (D:4)
  7 orc priests
  Crazy Yiuf (D:3)
  3 hounds
  3 jellies
  A gnoll bouda (D:6)
  A sleepcap (D:5)
  4 iguanas
  An orc wizard (D:3)
  2 scorpion zombies (D:4)
  A hound skeleton (D:4)
  13 gnolls
  9 adders
  2 shadow imps
  A white imp (D:5)
  2 ufetubi
  An adder zombie (D:4)
  A worm (D:4)
  7 dart slugs
  25 orcs
  7 bats
  7 endoplasms
  7 goblins
  7 hobgoblins
  11 jackals
  10 kobolds
  3 quokkas
  6 ball pythons
  4 frilled lizards
  A goblin zombie (D:4)
  3 hobgoblin zombies (D:4)
  A kobold skeleton (D:4)
  2 orc skeletons (D:4)
  3 rats (D:1)
201 creatures vanquished.

Notes
Turn   | Place    | Note
-------+----------+-------------------------------------------
     0 | D:1      | howech the Minotaur Berserker began the quest for the Orb.
     0 | D:1      | Reached XP level 1. HP: 19/19 MP: 0/0
   180 | D:1      | Reached XP level 2. HP: 16/27 MP: 1/1
   615 | D:1      | Reached ** piety under Trog
   811 | D:2      | Found a hazy altar of Hepliaklqana.
   822 | D:2      | Reached XP level 3. HP: 30/33 MP: 2/2
   936 | D:2      | Reached skill level 1 in Throwing
   993 | D:2      | Reached skill level 4 in Axes
  1001 | D:2      | Reached skill level 1 in Shields
  1136 | D:2      | Reached XP level 4. HP: 39/40 MP: 3/3
  1660 | D:3      | Reached skill level 1 in Evocations
  1681 | D:3      | Reached XP level 5. HP: 13/46 MP: 4/4
  1900 | D:3      | Reached *** piety under Trog
  1958 | D:3      | Found Xecoudd's Weapon Shoppe.
  2091 | D:3      | Found a stormy altar of Qazlal.
  2159 | D:3      | Found a blossoming altar of Fedhas.
  2234 | D:3      | Found a runed translucent door.
  2235 | D:3      | Noticed Crazy Yiuf
  2244 | D:3      | Killed Crazy Yiuf
  2395 | D:3      | Reached XP level 6. HP: 29/53 MP: 5/5
  2540 | D:4      | Found a glowing golden altar of the Shining One.
  2709 | D:4      | Found an ancient bone altar of Kikubaaqudgha.
  2838 | D:4      | Found a white marble altar of Elyvilon.
  2844 | D:4      | Noticed Duvessa
  2844 | D:4      | Noticed Dowan
  2858 | D:4      | Killed Duvessa
  2859 | D:4      | Reached skill level 5 in Axes
  2859 | D:4      | Reached XP level 7. HP: 60/60 MP: 6/6
  2859 | D:4      | Killed Dowan
  2909 | D:4      | Reached skill level 5 in Fighting
  2909 | D:4      | Reached skill level 5 in Dodging
  3069 | D:4      | Found a glowing silver altar of Zin.
  3083 | D:4      | Noticed Blork the orc
  3095 | D:4      | Killed Blork the orc
  3513 | D:5      | Entered Level 5 of the Dungeon
  3528 | D:5      | Reached XP level 8. HP: 63/69 MP: 7/7
  3797 | D:5      | Found a staircase to the Ecumenical Temple.
  3920 | D:5      | Reached skill level 6 in Axes
  3920 | D:5      | Reached skill level 5 in Armour
  4792 | D:6      | Noticed Sigmund
  4805 | D:6      | Killed Sigmund
  4949 | D:6      | Reached skill level 5 in Shields
  5039 | D:6      | Reached XP level 9. HP: 66/78 MP: 8/8
  5086 | D:6      | Found a bloodstained altar of Trog.
  5101 | D:6      | Reached skill level 7 in Axes
  5474 | D:6      | Found a sacrificial altar of Ru.
  5894 | D:6      | Found a hazy altar of Hepliaklqana.
  5920 | D:6      | Noticed a troll
  5935 | D:6      | Killed a troll
  6440 | D:7      | Found a hide-covered altar of Uskayaw.
  6472 | D:7      | Reached skill level 5 in Throwing
  6963 | D:7      | Reached **** piety under Trog
  7681 | D:8      | Noticed a red ugly thing
  7689 | D:8      | Killed a red ugly thing
  7690 | D:8      | Reached skill level 8 in Axes
  7690 | D:8      | Reached skill level 5 in Evocations
  7939 | D:8      | Reached XP level 10. HP: 71/88 MP: 9/9
  8250 | D:8      | Reached skill level 9 in Axes
  8612 | D:8      | Noticed Maurice
  8672 | D:8      | HP: 2/65 [Maurice/+5 dagger of draining (3)]
  8673 | D:8      | Slain by Maurice

Illustrated notes

Levels and vault maps discovered:
D:1:      dpeg_arrival_fog, layout_basic, amethyst_killhole, minmay_tripent
D:2:      layout_loops_cross, basic_altar, serial_forest,
          infiniplex_forest_lined_room_, infiniplex_forest_clump_medium,
          infiniplex_forest_lined_4_way, infiniplex_forest_straight_2,
          guppyfry_early_orc_mine
D:3:      wander_river, layout_rooms, grunt_temple_overflow_forces_of_nature,
          serial_shops, nicolae_shop_real_fake_doors, lexackson_kobold_supper,
          uniq_crazy_yiuf_cottage
D:4:      layout_rooms, elyvilon_altar_1, mainiacjoe_overflow_small_starburst,
          nicolae_tso_besieged_by_evil, old_standard_altar, serial_undead,
          serial_undead_e, serial_undead_e, serial_undead_a, serial_undead_d,
          ebering_dispersal_statue_hall, uniq_duvessa, uniq_blork_the_orc
D:5:      layout_loops_cross, minmay_temple_entry_large_hall
D:6:      layout_layer_cave, lemuel_crystal_altar,
          worldfamousw_hep_ancestral_shrine, lemuel_tele_altar, uniq_sigmund
D:7:      layout_basic, overflow_temple_1_default, st_stairs_8
D:8:      layout_layer_cave, ashenzari_altar_1, dpeg_lair_monsters, uniq_maurice

Skill      XL: |  1  2  3  4  5  6  7  8  9 10 |
---------------+-------------------------------+-----
Dodging        | 3 4 5 |  5.0
Throwing       | 1 2 3 4 5 |  5.0
Fighting       | 4 5 6 8 |  8.9
Axes           | 4 5 6 8 9 |  9.3
Armour         | 3 4 5 |  5.0
Shields        | 1 2 3 5 7 |  7.7
Evocations     | 1 2 3 5 |  5.0

Action                     |  1- 3 |  4- 6 |  7- 9 | 10-12 || total
---------------------------+-------+-------+-------+-------++-------
  Melee: Hand axe          |    97 |   155 |   387 |   110 ||   749
         Headbutt          |    12 |    22 |    72 |    22 ||   128
         Punch             |       |     2 |     1 |       ||     3
  Throw: Boomerang         |       |       |     6 |       ||     6
 Invoke: Berserk           |     1 |     2 |     6 |     2 ||    11
         Trog's Hand       |       |     3 |     6 |     3 ||    12
    Use: Potion            |       |       |       |     2 ||     2
 Armour: Animal skin       |    27 |       |       |       ||    27
         Chain mail        |       |    82 |   212 |    27 ||   321
  Dodge: Dodged            |    57 |    87 |   150 |    29 ||   323
  Block: Kite shield       |       |       |   147 |    42 ||   189

Table legend: (Time is in decaauts)
 A = Elapsed time spent in this place.
 B = Non-inter-level travel time spent in this place.
 C = Inter-level travel time spent in this place.
 D = Time resting spent in this place.
 E = Time spent auto-exploring this place.
 F = Levels seen in this place.
 G = Mean time per level.
                   A        B        C        D        E       F      G
               +--------+--------+--------+--------+--------+-----+--------+
         Total |   8836 |   8623 |    213 |   1654 |   5199 |   8 | 1104.5 |
       Dungeon |   8836 |   8623 |    213 |   1654 |   5199 |   8 | 1104.5 |
               +--------+--------+--------+--------+--------+-----+--------+

Top non-repeatable levels by time:
     D:6: 1884 daAuts
     D:7: 1290 daAuts
     D:5: 1062 daAuts
     D:8: 1003 daAuts
     D:4: 986 daAuts
     D:2: 984 daAuts
     D:3: 813 daAuts
     D:1: 809 daAuts
